 Dungeon Crawl Stone Soup version 0.14.1-26-g5a19342 (webtiles) character file.

479 Kae the Sneak (level 6, -10/28 HPs)
             Began as a Spriggan Enchanter on Aug 2, 2014.
             Killed by divine providence
             ... invoked by an orc priest
              (14 damage)
             ... on Level 4 of the Dungeon.
             The game lasted 00:05:24 (3353 turns).

Kae the Sneak (Spriggan Enchanter)                  Turns: 3353, Time: 00:05:24

HP -10/28        AC  4     Str  6      XL: 6   Next:  0%
MP   8/18        EV 17     Int 17      God:
Gold 213         SH  0     Dex 13 (16) Spells:  3 memorised,  6 levels left

rFire  . . .     SeeInvis +     a - +1 dagger
rCold  . . .     Clarity  .     h - +1 robe
rNeg   . . .     Conserve .     (shield restricted)
rPois  .         rCorr    .     (helmet restricted)
rElec  .         rRot     .     y - +0 cloak
SustAb . .       Spirit   .     (gloves unavailable)
rMut   .         Warding  .     (boots unavailable)
Saprov . . .     Stasis   .     (no amulet)
MR     +....                    (no ring)
                                (no ring)

@: very quick, somewhat resistant to hostile enchantments, quite stealthy
A: unfitting armour, see invisible, herbivore 3, speed 3, slow metabolism 2
a: no special abilities


You were on level 4 of the Dungeon.
You were not hungry.

You visited 1 branch of the dungeon, and saw 4 of its levels.

You collected 213 gold pieces.

Inventory:

Hand weapons
 a - a +1,+1 dagger (weapon)
 b - a +0,+0 dagger
Missiles
 d - 10 darts (quivered)
Armour
 h - a +1 robe (worn)
 y - a +0 cloak (worn)
Magical devices
 w - a wand of enslavement (9) {unknown}
Comestibles
 i - a choko
 n - a pear
 s - 2 bread rations
Scrolls
 f - 2 scrolls of random uselessness {unknown}
 g - 3 scrolls of remove curse {unknown}
 k - 2 scrolls of teleportation {unknown}
 l - 3 scrolls of fog {unknown}
 o - a scroll of blinking {unknown}
 p - 5 scrolls of immolation {unknown}
 q - a scroll of identify {unknown}
 r - a scroll of enchant weapon II {unknown}
Jewellery
 m - a +3 ring of dexterity {unknown}
 t - an uncursed ring of ice {unknown}
Potions
 e - a potion of paralysis {unknown}
 j - 3 potions of might
 u - a potion of degeneration
 v - a potion of confusion {unknown}
 x - a potion of lignification {unknown}
Books
 c - a book of Maledictions

   Spells                             Type                      Level
   *Corona                            Hexes                        1
   Sure Blade                         Hexes/Charms                 2
   *Ensorcelled Hibernation           Hexes/Ice                    2
   *Confuse                           Hexes                        3
   Enslavement                        Hexes                        4
   Invisibility                       Hexes                        6


   Skills:
 * Level 4.1 Short Blades
 - Level 1.1 Throwing
 - Level 3.0 Dodging
 * Level 5.4 Stealth
 + Level 3.8 Spellcasting
 + Level 5.0 Hexes


You had 6 spell levels left.
You knew the following spells:

 Your Spells              Type           Power        Failure   Level  Hunger
a - Corona                Hex            ###....      1%          1    None
b - Ensorcelled Hibernat  Hex/Ice        ##....       12%         2    ##.....
c - Confuse               Hex            ###.....     8%          3    ###....


Dungeon Overview and Level Annotations

Branches:
Dungeon (4/15)
 Temple: D:4-7

Altars:
Trog


Innate Abilities, Weirdness & Mutations

You are tiny and cannot use many weapons and most armour.
You have supernaturally acute eyesight.
You are a herbivore.
You cover ground extremely quickly.
You need consume almost no food.


Message History

The orc priest shouts!
The orc priest's eyes start to glow.
You strike the helpless orc wizard from a blind spot!
You slice the orc wizard!!
You kill the orc wizard!
Your Short Blades skill increases to level 4!
You have reached level 6!
Your experience leads to an increase in your attributes!
Increase (S)trength, (I)ntelligence, or (D)exterity?
You feel stronger.
Casting: Ensorcelled Hibernation
Confirm with . or Enter, or press ? or * to list all spells.
Aiming: Ensorcelled Hibernation
Press: ? - help, Shift-Dir - straight line, f - orc
Aim: an orc, wielding a short sword The orc looks drowsy...
The orc priest mumbles some strange prayers to Beogh against you.
Something smites you!
Ouch! That really hurt!
You die...

#...............#
#...............#
#...............#
#........)%.....#
#..o............#
#...............#
#...............#
##########o..............#
.........@...............#
.........................#
........................#
........................#
........................#
########################


You could see an orc priest and an orc (sleeping).

Vanquished Creatures
  An iguana (D:4)
  An orc wizard (D:4)
  Natasha (thrice) (D:3)
  An adder (D:3)
  4 green rats (D:3)
  A giant mite (D:3)
  4 worms (D:2)
  A giant gecko (D:3)
  14 orcs
  A ball python (D:1)
  5 bats
  7 giant cockroaches
  11 goblins
  5 hobgoblins
  6 jackals
  8 kobolds
  4 giant newts
  2 quokkas
  3 rats
82 creatures vanquished.

Notes
Turn   | Place    | Note
--------------------------------------------------------------
     0 | D:1      | Kae, the Spriggan Enchanter, began the quest for the Orb.
     0 | D:1      | Reached XP level 1. HP: 9/9 MP: 4/4
   174 | D:1      | Reached XP level 2. HP: 7/13 MP: 7/7
   221 | D:1      | Learned a level 2 spell: Ensorcelled Hibernation
   926 | D:2      | Reached skill level 4 in Hexes
   953 | D:2      | Reached XP level 3. HP: 7/16 MP: 1/10
  1959 | D:3      | Learned a level 3 spell: Confuse
  2070 | D:3      | Noticed Natasha
  2077 | D:3      | Killed Natasha
  2077 | D:3      | Reached XP level 4. HP: 21/21 MP: 11/14
  2152 | D:3      | Noticed Natasha
  2174 | D:3      | Killed Natasha
  2234 | D:3      | Noticed Natasha
  2244 | D:3      | Killed Natasha
  2544 | D:3      | Found a bloodstained altar of Trog.
  2643 | D:3      | Reached XP level 5. HP: 24/24 MP: 16/16
  2948 | D:3      | Reached skill level 5 in Stealth
  3203 | D:4      | Reached skill level 5 in Hexes
  3350 | D:4      | Reached XP level 6. HP: 4/28 MP: 10/18
  3353 | D:4      | Killed from afar by an orc priest

Action                   |  1- 3 |  4- 6 || total
-------------------------+-------+-------++-------
Melee: Dagger            |   162 |    91 ||   253
Throw: Dart              |    13 |       ||    13
 Cast: Ensorcelled Hiber |    21 |    39 ||    60
       Corona            |     3 |       ||     3
  Use: Potion            |       |     4 ||     4
 Stab: Sleeping          |    18 |    32 ||    50
       Distracted        |       |     2 ||     2
